 Dungeon Crawl Stone Soup version 0.20-a0-899-g09a9bfb (webtiles) character file.

1227 BrendanD the Carver (level 8, -11/58 HPs)
             Began as a Demonspawn Berserker on Mar 18, 2017.
             Was an Elder of Trog.
             Mangled by Pikel
             ... wielding a +0 whip of electrocution
              (14 damage)
             ... on level 6 of the Dungeon.
             The game lasted 00:13:37 (4564 turns).

BrendanD the Carver (Demonspawn Berserker)          Turns: 4564, Time: 00:13:37

Health: -11/58     AC:  9    Str: 20    XL:     8   Next: 23%
Magic:  8/8        EV: 14    Int:  9    God:    Trog [****..]
Gold:   291        SH:  0    Dex: 12    Spells: 7/7 levels left

rFire    + . .     SeeInvis .   a - +0 falchion
rCold    . . .     Gourm    .   v - +1 ring mail {rPois}
rNeg     . . .     Faith    .   (no shield)
rPois    +         Spirit   .   b - +1 helmet
rElec    .         Reflect  .   r - +0 cloak
rCorr    .         Harm     .   (no gloves)
MR       +....                  (no boots)
Stlth    ..........             (no amulet)
Regen    0.2/turn               z - ring of protection from magic
MPRegen  0.2/turn               f - ring of protection from fire

@: no status effects
A: hooves 1, repulsion field 2, spiny 1, rot immunity
a: Berserk, Trog's Hand, Brothers in Arms, Burn Spellbooks, Renounce Religion


You were on level 6 of the Dungeon.
You worshipped Trog.
Trog was greatly pleased with you.
You were not hungry.

You visited 1 branch of the dungeon, and saw 6 of its levels.

You collected 291 gold pieces.

Inventory:

Hand Weapons
 a - a +0 falchion (weapon)
Armour
 b - a +1 helmet (worn)
 r - a +0 cloak (worn)
 v - a +1 ring mail of poison resistance (worn)
Jewellery
 f - a ring of protection from fire (left hand)
 z - a ring of protection from magic (right hand)
Wands
 B - a wand of lightning (11/15)
Scrolls
 d - 2 scrolls of remove curse {@r2}
 k - a scroll of recharging {unknown}
 n - a scroll of random uselessness {unknown}
 o - a scroll of fear
 p - 2 scrolls of teleportation {unknown}
 q - 3 scrolls of immolation {unknown}
 t - a scroll of amnesia {unknown}
 x - a scroll of enchant armour {unknown}
 y - a scroll of fog {unknown}
 C - a scroll of torment {unknown}
 D - a scroll of identify {@r1}
Potions
 e - 2 potions of haste {unknown}
 g - 2 potions of heal wounds {unknown}
 l - 3 potions of mutation {unknown}
 m - 2 potions of curing {unknown}
 s - a potion of cancellation {unknown}
 u - 2 potions of agility
 w - a potion of flight {unknown}
 A - a potion of ambrosia {unknown}
Comestibles
 c - 3 bread rations
 h - 2 royal jellies
 i - 2 meat rations
 j - 8 chunks of flesh


   Skills:
 - Level 3.0 Fighting
 * Level 9.5 Long Blades
 - Level 1.7 Armour
 - Level 1.7 Dodging


You had 7 spell levels left.
You didn't know any spells.

Dungeon Overview and Level Annotations

Branches:
Dungeon (6/15)             Temple (0/1) D:6

Altars:
Elyvilon
Okawaru
Qazlal
Uskayaw
Wu Jian
Yredelemnul
The Shining One

Annotations:
D:6 Pikel


Innate Abilities, Weirdness & Mutations

You have large cloven feet.
You are surrounded by a moderate repulsion field. (EV +3)
You are partially covered in sharp spines.
You are immune to rotting.


Message History

You barely miss Pikel. Your kick misses Pikel.
The slave hits you but does no damage. Pikel closely misses you.
You riposte.
You miss Pikel. You hit Pikel. Your kick misses Pikel.
The slave hits you but does no damage. Pikel misses you.
The slave hits you but does no damage.
You miss Pikel. The slave hits you but does no damage.
Pikel hits you with a whip of electrocution!
* * * LOW HITPOINT WARNING * * *
You are electrocuted!
* * * LOW HITPOINT WARNING * * *
The slave hits you.
* * * LOW HITPOINT WARNING * * *
You barely miss Pikel. The slave barely misses you.
The slave hits you but does no damage. The slave is struck by your spines.
The slave hits you but does no damage.
You hit Pikel. Pikel is struck by your spines.
Pikel hits you with a whip of electrocution.
* * * LOW HITPOINT WARNING * * *
You are electrocuted!
You die...

#.##.........# ##.###...##..
#.###........###...##...####
##.# #............_.......# #
#..# ##.....!(.##...###.#.# #p.#
##.......###.## #.#.## #p##
#.....$.###.# #....## #.#
##..........####...... #p####
#...pK............... ##.##.##
##..@p.[##.#.........
#..##..####..pp..#............
##...p..<.........#.###........
#........>...........##.)......
#..###..).##...........#.......#
...# #...###...P.PP.P...........
..# #.[## #..P♣.≈.♣♣..########.
.# #..# #....≈≈≈.P..# # # #.##
#...≈≈≈≈≈P..#


You could see Pikel and 4 slaves.

Vanquished Creatures
  Grinder (D:3)
  A sky beast (D:5)
  2 phantoms
  An ogre (D:6)
  A centaur (D:6)
  A bullfrog (D:6)
  A scorpion (D:5)
  3 jellies
  A hound (D:5)
  An orc wizard (D:3)
  A bullfrog skeleton (D:5)
  Jessica (D:2)
  Ijyb (D:3)
  An iguana (D:6)
  3 worker ants
  4 adders
  A shadow imp (D:5)
  An adder skeleton (D:4)
  3 worms (D:2)
  A dart slug (D:1)
  2 leopard geckos
  10 orcs
  2 ball pythons
  8 giant cockroaches
  2 gnoll zombies (D:3)
  5 goblins
  9 hobgoblins
  7 jackals
  10 kobolds
  4 quokkas
  9 bats
  4 frilled lizards
  10 rats
  A plant (D:1)
113 creatures vanquished.

Notes
Turn   | Place    | Note
-------+----------+-------------------------------------------
     0 | D:1      | BrendanD the Demonspawn Berserker began the quest for the Orb.
     0 | D:1      | Reached XP level 1. HP: 18/18 MP: 1/1
    68 | D:1      | Reached skill level 3 in Long Blades
   313 | D:1      | Gained mutation: You are surrounded by a mild repulsion field. (EV +2) [demonic ancestry]
   313 | D:1      | Reached XP level 2. HP: 20/24 MP: 2/2
   917 | D:2      | Reached ** piety under Trog
   969 | D:2      | Reached XP level 3. HP: 24/29 MP: 3/3
   988 | D:2      | Reached skill level 4 in Long Blades
  1471 | D:2      | Noticed Jessica
  1504 | D:2      | Killed Jessica
  1504 | D:2      | Gained mutation: You have large cloven feet. [demonic ancestry]
  1504 | D:2      | Reached XP level 4. HP: 31/35 MP: 4/4
  1544 | D:2      | Found a white marble altar of Elyvilon.
  1776 | D:3      | Reached skill level 5 in Long Blades
  1776 | D:3      | Gained mutation: You are immune to rotting. [demonic ancestry]
  1776 | D:3      | Reached XP level 5. HP: 41/41 MP: 5/5
  1783 | D:3      | Reached *** piety under Trog
  1934 | D:3      | Found an iron altar of Okawaru.
  2018 | D:3      | Found a hide-covered altar of Uskayaw.
  2031 | D:3      | Noticed a phantom
  2084 | D:3      | Killed a phantom
  2084 | D:3      | Reached skill level 6 in Long Blades
  2096 | D:3      | Noticed Ijyb
  2111 | D:3      | Killed Ijyb
  2111 | D:3      | Gained mutation: You are partially covered in sharp spines. [demonic ancestry]
  2111 | D:3      | Reached XP level 6. HP: 34/47 MP: 6/6
  2155 | D:3      | Found an ornate altar of the Wu Jian Council.
  2261 | D:3      | Noticed Grinder
  2263 | D:3      | Paralysed by Grinder for 6 turns
  2288 | D:3      | Killed Grinder
  2288 | D:3      | Reached skill level 7 in Long Blades
  2595 | D:3      | Found a basalt altar of Yredelemnul.
  2918 | D:4      | Gained mutation: You are surrounded by a moderate repulsion field. (EV +3) [demonic ancestry]
  2918 | D:4      | Reached XP level 7. HP: 52/52 MP: 7/7
  3601 | D:5      | Entered Level 5 of the Dungeon
  3714 | D:5      | Found a stormy altar of Qazlal.
  3717 | D:5      | Noticed a water elemental
  3717 | D:5      | Noticed an air elemental
  3717 | D:5      | Noticed a fire elemental
  3856 | D:5      | Reached skill level 8 in Long Blades
  4342 | D:6      | Reached XP level 8. HP: 49/58 MP: 8/8
  4354 | D:6      | Found a staircase to the Ecumenical Temple.
  4366 | D:6      | Reached skill level 9 in Long Blades
  4466 | D:6      | Found a glowing golden altar of the Shining One.
  4489 | D:6      | Reached **** piety under Trog
  4516 | D:6      | Noticed Pikel
  4564 | D:6      | Mangled by Pikel

Vault maps used:
D:1:      dpeg_arrival_lava_altar, serial_bayou_lagoon_a
D:2:      elyvilon_altar_5, uniq_jessica
D:3:      overflow_temple_1_default, overflow_temple_1_default,
          overflow_temple_1_default, lemuel_zombie_altar_yredelemnul,
          first_bread, uniq_iyjb, uniq_grinder
D:4:      grunt_decor_resistance
D:5:      nicolae_qazlal_style_of_elements
D:6:      grunt_temple_overflow_growth_and_decay,
          nicolae_overflow_crystal_walls, minmay_temple_entry_glass,
          serial_park, serial_park_gazebo, uniq_pikel, uniq_duvessa

Skill      XL: |  1  2  3  4  5  6  7  8 |
---------------+-------------------------+-----
Long Blades    | 3 4 5 6 7 8 9 |  9.5
Fighting       | |  3.0
Armour         | |  1.7
Dodging        | |  1.7

Action                   |  1- 3 |  4- 6 |  7- 9 || total
-------------------------+-------+-------+-------++-------
Melee: Falchion          |   227 |   171 |   104 ||   502
       Kick              |       |    46 |    36 ||    82
Invok: Berserk           |       |     2 |     1 ||     3
  Use: Scroll            |     3 |     2 |     1 ||     6
 Stab: Sleeping          |     3 |       |       ||     3
  Eat: Chunk             |     2 |     7 |     6 ||    15
Armor: Animal skin       |    19 |       |       ||    19
       Ring mail         |    13 |    49 |    39 ||   101
Dodge: Dodged            |    91 |   110 |    56 ||   257
       Rpst.: Falchion   |    29 |    31 |    17 ||    77
